Map: Ever Dream LE

Players

HeroMarine - Winner!

  • Race: Terran Terran
  • League: Master
  • Spawn Location: 1:00

ShoWTimE

  • Race: Protoss Protoss
  • Spawn Location: 7:00

Event: StayAtHomestory Cup #2

VOD

Have the link to the VOD?

Description

Time

  • Played on: June 12, 2020, 7:34 a.m.
  • Length: 23:09

All games in this series

Show
View Real Time Build Order
Export as new Build Order

HeroMarine Terran - Winner!

Build Orders: Reaper Expand 

Get SALT Encoding   

  12  0:00  SCV  
  13  0:12  SCV  
  14  0:17  Supply Depot  
  14  0:25  SCV  
  15  0:38  SCV  
  15  0:40  Barracks  
  16  0:43  Refinery  
  16  0:50  SCV  
  17  1:02  SCV  
  18  1:15  SCV  
  19  1:27  Reaper, Orbital Command  
  20  1:43  Command Center  
  20  1:49  Supply Depot  
  20  1:53  SCV  
  21  1:59  Marine  
  22  2:06  SCV  
  23  2:09  Factory  
  23  2:16  Bunker  
  23  2:18  SCV  
  24  2:23  Barracks Reactor  
  24  2:30  SCV  
  24  2:34  Refinery  
  25  2:42  SCV  
  26  2:53  Hellion  
  26  2:54  SCV  
  26  2:55  Orbital Command  
  29  2:58  Starport  
  29  2:59  Marine  
  29  3:01  Marine  
  31  3:06  SCV  
  32  3:14  Widow Mine  
  32  3:17  Marine  
  32  3:18  SCV  
  32  3:19  Marine  
  37  3:22  SCV  
  37  3:26  Supply Depot  
  38  3:30  SCV  
  39  3:34  SCV  
  39  3:35  Marine  
  39  3:37  Marine  
  39  3:38  Widow Mine  
  39  3:40  Medivac  
  45  3:43  SCV  
  45  3:48  SCV  
  47  3:50  Supply Depot  
  47  3:52  Marine  
  47  3:54  Marine  
  50  3:55  SCV  
  50  4:00  SCV  
  50  4:01  Factory Tech Lab  
  51  4:07  SCV  
  52  4:10  Starport Tech Lab  
  52  4:12  SCV  
  52  4:15  Command Center  
  53  4:19  SCV  
  53  4:22  Siege Tank  
  57  4:24  SCV  
  57  4:29  Supply Depot  
  58  4:32  Barracks  
  58  4:36  Banshee  
  58  4:37  Barracks  
  61  4:38  SCV  
  62  4:46  SCV  
  62  4:49  Marine  
  62  4:51  SCV, Marine  
  64  4:58  SCV  
  65  5:03  SCV, Barracks  
  65  5:05  Siege Tank  
  69  5:09  Barracks  
  69  5:10  SCV  
  69  5:11  Engineering Bay  
  69  5:12  Engineering Bay  
  70  5:15  Refinery  
  70  5:16  Refinery  
  70  5:26  SCV x2  
  70  5:27  Orbital Command  
  72  5:31  Stimpack  
  72  5:34  Marine x2  
  76  5:36  Starport Reactor  
  76  5:40  Terran Infantry Weapons Level 1  
  76  5:41  SCV  
  76  5:42  SCV, Supply Depot  
  78  5:44  Marine  
  78  5:45  Terran Infantry Armor Level 1  
  78  5:47  Factory Reactor  
  78  5:48  Marine  
  78  5:52  Marine x2  
  78  5:53  Orbital Command  
  78  5:54  SCV x2, Barracks Reactor  
  82  5:59  Supply Depot  
  82  6:01  Supply Depot  
  82  6:03  Barracks Tech Lab  
  80  6:06  SCV x2, Combat Shield  
  80  6:07  Marauder  
  80  6:10  Supply Depot  
  84  6:13  Marauder  
  84  6:14  Marine x2  
  84  6:18  SCV x2  
  90  6:24  Medivac, Marauder  
  90  6:27  SCV  
  90  6:29  Medivac  
  90  6:30  SCV x2  
  95  6:37  Supply Depot, Marauder x2  
  95  6:39  SCV  
  100  6:42  SCV x2, Widow Mine x2  
  100  6:45  Supply Depot  
  100  6:46  Marauder, Marine x2  
  110  6:48  Marine x2  
  110  6:52  Bunker  
  112  6:54  SCV x2, Supply Depot  
  112  6:55  SCV  
  112  6:58  Concussive Shells  
  115  7:02  Marine x2  
  115  7:03  Widow Mine, Marine  
  115  7:04  Widow Mine  
  122  7:08  SCV x2  
  122  7:11  Missile Turret  
  122  7:12  Armory, Marauder  
  122  7:13  Marine x2  
  122  7:14  Marine  
  129  7:19  Refinery  
  129  7:20  SCV x2, Refinery  
  129  7:21  SCV  
  132  7:24  Marauder x2  
  132  7:26  Medivac  
  132  7:28  Medivac  
  140  7:41  Marine  
  141  7:44  Marauder  
  141  7:53  Supply Depot  
  141  7:55  Supply Depot  
  141  7:56  Marine  
  141  7:57  Widow Mine x2, Marauder x2, Marine x2, Ghost Academy  
  149  7:58  Supply Depot  
  149  8:01  SCV x3  
  141  8:05  Marine x2  
  129  8:14  Marine x2  
  129  8:17  Medivac x2  
  129  8:18  Marauder, Widow Mine x2  
  129  8:19  Marauder  
  143  8:27  Marauder  
  143  8:28  Marine x2  
  143  8:32  Command Center, Marine  
  143  8:35  Terran Infantry Armor Level 2, Terran Infantry Weapons Level 2  
  143  8:38  Terran Ship Weapons Level 1  
  143  8:39  Marine x2  
  143  8:40  Widow Mine x2  
  149  8:52  Medivac x2  
  149  8:53  Marauder x2  
  149  8:55  Marine x3  
  159  8:58  Supply Depot  
  158  9:04  Marauder  
  158  9:05  Widow Mine x2  
  158  9:14  Marauder  
  161  9:17  Marauder  
  161  9:19  Marine  
  161  9:21  Marine, Barracks x2  
  161  9:22  Marine, Barracks  
  164  9:25  Ghost  
  164  9:27  Widow Mine x2  
  164  9:31  Medivac  
  172  9:32  Medivac  
  172  9:35  Ghost  
  172  9:36  Marine  
  172  9:37  Marine  
  178  9:42  Marauder  
  174  9:52  Marine  
  173  9:53  Ghost  
  173  9:55  Widow Mine x2  
  179  10:02  Ghost  
  179  10:03  SCV  
  179  10:04  SCV x2, Marauder  
  186  10:09  Barracks Tech Lab x2  
  186  10:10  Barracks Reactor  
  186  10:13  Missile Turret  
  184  10:15  Missile Turret  
  184  10:19  Starport  
  184  10:22  SCV x3, Refinery  
  184  10:23  Viking x2, Refinery  
  187  10:34  Ghost x2  
  191  10:38  Planetary Fortress  
  191  10:39  Missile Turret  
  191  10:41  Missile Turret  
  188  10:46  Ghost  
  188  10:48  Marauder x2  
  188  10:49  Marine x2  
  196  10:55  Supply Depot  
  196  11:02  Marine  
  195  11:05  Enhanced Shockwaves, Sensor Tower  
  194  11:11  Command Center  
  194  11:16  Marauder  
  194  11:20  Marauder, Marine x2  
  196  11:25  Viking  
  196  11:26  Viking  
  196  11:28  Terran Infantry Weapons Level 3  
  196  11:29  Terran Ship Weapons Level 2  
  200  11:33  Command Center  
  192  11:45  Marauder x2  
  192  11:51  Command Center  
  190  11:54  Liberator  
  190  11:55  Liberator  
  190  11:57  Fusion Core  
  196  12:14  Sensor Tower  
  194  12:26  Marauder, Marine x2, Liberator  
  194  12:27  Liberator  
  191  12:34  Ghost, Marauder  
  191  12:35  Marauder  
  192  12:37  Liberator  
  195  12:45  Orbital Command  
  195  12:49  Rapid Reignition System  
  195  12:51  Terran Infantry Armor Level 3, Marauder x2, Marine  
  195  12:56  Unknown  
  200  13:04  Marauder  
  200  13:05  Command Center  
  198  13:19  Marauder x2  
  190  13:35  Liberator x2  
  190  13:36  Planetary Fortress, Liberator  
  190  13:39  Orbital Command  
  199  13:45  Command Center  
  199  13:48  Command Center  
  199  13:50  Terran Ship Weapons Level 3  
  199  13:54  Missile Turret  
  198  14:04  Marauder, Liberator  
  198  14:05  Marine x2  
  191  14:13  Marine  
  191  14:14  Marauder, Marine  
  161  14:22  Liberator x3  
  161  14:23  Ghost  
  161  14:24  Ghost, Marine  
  162  14:25  Marauder x2, Marine x2  
  162  14:26  Hi-Sec Auto Tracking  
  162  14:29  Marine  
  174  14:31  Marine x2  
  174  14:36  Marauder  
  176  14:38  Advanced Ballistics  
  164  14:47  Marauder x2, Marine x3, Liberator  
  164  14:52  Ghost x2, Marine x3  
  169  14:57  Marauder, Orbital Command  
  169  14:58  Orbital Command  
  175  15:04  Liberator  
  175  15:06  Orbital Command  
  178  15:09  Starport  
  178  15:14  Ghost x2  
  178  15:15  Liberator x2  
  188  15:23  Neosteel Armor  
  188  15:26  Marauder  
  188  15:30  Medivac, Marauder, Marine x2  
  189  15:40  Missile Turret  
  189  15:44  Unknown  
  189  15:45  Command Center  
  189  15:47  Medivac  
  189  15:49  Marauder x2  
  195  15:54  Personal Cloaking  
  194  15:57  Liberator  
  194  15:58  Liberator  
  200  16:07  Bunker x2  
  199  16:14  Starport Reactor  
  193  16:41  Ghost x2  
  193  16:42  Liberator  
  200  16:48  Terran Vehicle And Ship Armor Level 1  
  198  16:59  Liberator x2  
  198  17:00  Medivac x2  
  169  17:02  Marauder  
  169  17:04  Marauder, Marine x2  
  169  17:05  Medivac  
  169  17:06  Ghost, Marine  
  169  17:07  Marine x3  
  183  17:09  Command Center  
  183  17:10  Ghost  
  183  17:11  Marauder  
  187  17:15  Command Center  
  187  17:22  Marine x2  
  189  17:23  Marauder  
  189  17:24  Marine  
  189  17:25  Medivac, Marauder  
  196  17:30  Medivac, Missile Turret  
  198  17:42  Ghost  
  200  17:44  Missile Turret  
  200  17:46  Missile Turret  
  200  18:07  Bunker  
  199  18:26  Refinery  
  194  18:27  Missile Turret  
  194  18:28  Refinery, Marauder  
  194  18:31  Marine  
  194  18:33  Marauder, Liberator x3  
  198  18:35  Liberator  
  178  18:41  Missile Turret  
  178  18:47  Ghost x3  
  183  18:48  Liberator x2  
  183  18:49  Missile Turret, Marine x3  
  183  18:50  Marauder, Marine  
  183  18:54  Marauder  
  197  18:55  Missile Turret  
  197  19:02  Missile Turret, Terran Vehicle And Ship Armor Level 2  
  191  19:05  Orbital Command  
  191  19:12  Marauder  
  191  19:15  Ghost  
  191  19:16  Liberator  
  197  19:27  Ghost x2  
  197  19:29  Marauder  
  195  19:33  Marauder  
  195  19:36  Marine  
  185  19:44  Marauder, Marine x2  
  187  19:45  Liberator x2  
  187  19:47  Liberator  
  187  19:50  Marauder  
  187  19:51  Marine  
  187  19:52  Marine  
  200  19:54  Marauder  
  200  19:57  Marine  
  182  20:04  Marine x2  
  182  20:05  Marauder x2, Marine, Liberator x3  
  183  20:07  Marauder  
  183  20:09  Marine x2  
  183  20:11  Marauder, Orbital Command  
  183  20:15  Marine x2  
  183  20:20  SCV  
  183  20:21  SCV x2  
  186  20:22  Marine x3  
  186  20:23  SCV x3  
  186  20:26  Marauder x2  
  183  20:29  Marauder  
  183  20:33  Marauder, Liberator  
  183  20:34  Marauder, Marine  
  188  20:37  Marine  
  186  20:47  Ghost  
  188  20:53  SCV x3  
  188  20:54  SCV  
  188  20:55  SCV  
  185  21:12  Ghost, Marauder, Marine x2  
  181  21:19  Marauder x2, Marine x3  
  181  21:24  Marauder  
  181  21:25  Marine  
  189  21:30  Marine x2  
  188  21:33  Marauder  
  188  21:37  Marine  
  188  21:39  Marine x2  
  188  21:40  Marauder  
  188  21:44  Medivac x2, Liberator x2  
  190  21:47  Ghost  
  190  21:48  Marine x2  
  190  21:51  Marine x2  
  190  21:52  Marine  
  197  21:55  Marauder  
  183  22:03  Marauder, Marine x3  
  183  22:06  Marine  
  178  22:10  Marauder x2  
  178  22:14  Marine x2  
  178  22:15  Ghost  
  175  22:17  Marauder  
  175  22:19  Missile Turret  
  175  22:20  Marine  
  175  22:21  Marine x2  
  182  22:24  Marine x2  
  180  22:32  Marauder x2, Marine  
  174  22:37  Marine  
  174  22:38  Marauder, Marine  
  178  22:46  Marauder, Marine  
  178  22:47  Marine  
  178  22:48  Marauder  
  178  22:49  Marine  
  178  22:50  Marine  
Show
View Real Time Build Order
Export as new Build Order

ShoWTimE Protoss 

Build Orders: 1 Gate Expand, Phoenix Opening, Blink Stalkers 

Get SALT Encoding   

  12  0:00  Probe  
  13  0:12  Probe  
  14  0:17  Pylon  
  14  0:24  Probe  
  15  0:32  Probe  
  15  0:37  Gateway  
  15  0:40  Probe  
  16  0:46  Assimilator  
  17  0:51  Probe  
  18  1:03  Probe  
  19  1:15  Probe  
  20  1:23  Cybernetics Core  
  20  1:32  Nexus  
  20  1:35  Probe  
  21  1:43  Pylon  
  21  1:47  Probe  
  21  1:51  Adept, Assimilator  
  22  2:00  Probe  
  23  2:04  Warp Gate  
  25  2:08  Probe  
  26  2:17  Probe  
  26  2:22  Sentry  
  29  2:26  Probe  
  30  2:38  Probe  
  30  2:40  Twilight Council, Probe  
  31  2:48  Stalker  
  31  2:49  Probe  
  31  2:50  Probe  
  35  2:56  Blink  
  35  2:57  Gateway  
  36  2:59  Probe, Phoenix  
  36  3:02  Probe  
  38  3:09  Pylon  
  38  3:11  Probe  
  39  3:14  Probe  
  40  3:23  Probe  
  40  3:26  Probe, Stalker  
  44  3:35  Probe  
  44  3:38  Probe  
  46  3:43  Robotics Facility  
  46  3:47  Probe  
  47  3:51  Probe  
  48  3:59  Probe, Nexus  
  48  4:02  Pylon  
  49  4:05  Probe  
  49  4:09  Pylon  
  50  4:11  Probe  
  50  4:12  Assimilator  
  50  4:16  Stalker  
  53  4:18  Probe  
  53  4:20  Stalker, Pylon  
  53  4:24  Probe  
  57  4:30  Observer  
  58  4:31  Probe  
  58  4:37  Probe  
  58  4:38  Forge  
  60  4:39  Phoenix  
  60  4:45  Probe  
  61  4:48  Stalker x2  
  61  4:49  Probe  
  66  4:54  Observer  
  66  4:57  Probe  
  68  5:00  Protoss Ground Armor Level 1  
  68  5:02  Probe, Pylon  
  69  5:11  Charge  
  69  5:12  Probe  
  70  5:14  Gateway  
  70  5:15  Gateway  
  70  5:16  Observer  
  70  5:24  Immortal  
  70  5:25  Probe x3  
  76  5:33  Probe x3, Assimilator  
  77  5:36  Forge  
  77  5:37  Assimilator  
  77  5:42  Probe x2  
  80  5:45  Sentry  
  80  5:46  Probe  
  80  5:48  Gateway  
  80  5:49  Gateway  
  85  5:54  Probe x2  
  87  5:59  Probe  
  87  6:01  Gateway x2  
  88  6:04  Templar Archives  
  88  6:06  Probe  
  88  6:07  Probe  
  88  6:08  Protoss Ground Weapons Level 1  
  88  6:10  Assimilator  
  88  6:11  Probe  
  91  6:16  Stalker x2  
  89  6:19  Probe  
  89  6:20  Psionic Storm  
  89  6:22  Probe  
  89  6:23  Probe  
  89  6:24  Phoenix  
  92  6:28  Pylon  
  92  6:31  Probe, Immortal  
  93  6:34  Probe  
  93  6:36  Probe  
  98  6:43  Pylon  
  98  6:47  Shield Battery  
  98  6:48  Probe  
  98  6:49  Pylon x2  
  98  6:53  High Templar  
  98  6:54  Protoss Ground Armor Level 2  
  101  6:57  Pylon  
  101  7:00  Probe  
  102  7:04  High Templar  
  102  7:06  Zealot  
  102  7:07  Zealot x3  
  112  7:10  Warp Prism  
  112  7:11  High Templar  
  112  7:12  Pylon  
  116  7:19  Observer  
  116  7:28  Zealot x5  
  126  7:32  Zealot  
  126  7:36  Pylon  
  128  7:37  Pylon  
  128  7:46  High Templar  
  128  7:48  Zealot  
  128  7:50  Zealot x2  
  128  7:51  Zealot x3  
  138  7:55  Zealot  
  116  8:09  Zealot  
  116  8:12  Probe x2, Assimilator  
  114  8:13  Nexus  
  114  8:14  Probe  
  114  8:19  High Templar x2  
  119  8:24  Probe, Protoss Ground Weapons Level 2  
  119  8:25  Probe  
  113  8:28  High Templar x4  
  113  8:29  Zealot x2  
  113  8:30  Warp Prism  
  113  8:31  Probe  
  126  8:34  Archon x2  
  126  8:36  Photon Cannon  
  126  8:40  Pylon  
  126  8:48  Photon Cannon  
  126  8:50  Zealot  
  126  8:52  Zealot  
  130  8:57  Immortal  
  130  8:58  Zealot x2  
  130  9:01  Zealot x3  
  135  9:12  Stalker x3  
  141  9:20  Zealot x2  
  145  9:30  Zealot x3  
  147  9:33  Protoss Ground Armor Level 3  
  147  9:34  Pylon  
  147  9:35  Pylon  
  147  9:36  Zealot x3, Observer  
  153  9:40  Observer  
  147  9:56  Nexus  
  145  10:00  Pylon  
  145  10:02  Pylon, High Templar  
  145  10:06  Probe  
  147  10:11  Probe  
  145  10:17  High Templar x4  
  145  10:18  Zealot, High Templar x2  
  145  10:19  Probe  
  145  10:20  Immortal  
  160  10:22  Archon x3, Gateway  
  160  10:23  Gateway  
  160  10:28  Robotics Bay  
  160  10:32  Probe x3  
  165  10:40  Zealot x2  
  169  10:46  Probe x3  
  172  10:50  Stalker x4  
  172  10:51  Stalker  
  172  10:54  Robotics Facility  
  178  10:58  Probe x2  
  178  11:04  Photon Cannon  
  176  11:06  Observer, Zealot, Protoss Ground Weapons Level 3  
  176  11:07  Zealot x2  
  175  11:18  Disruptor  
  175  11:22  Shield Battery  
  175  11:24  Assimilator  
  175  11:28  Assimilator  
  178  11:36  Disruptor  
  178  11:41  Zealot x2  
  178  11:42  Zealot x6  
  182  12:02  Photon Cannon  
  182  12:03  Disruptor  
  182  12:05  Nexus  
  182  12:08  Pylon  
  183  12:16  Zealot x8  
  183  12:18  Pylon  
  185  12:23  Protoss Shields Level 1, Disruptor  
  157  12:37  Zealot x8  
  157  12:39  Disruptor  
  176  12:50  Photon Cannon x2  
  176  12:52  Photon Cannon  
  176  12:54  Pylon  
  176  12:57  Stalker x3  
  181  13:04  Zealot x4  
  189  13:11  Zealot  
  169  13:23  Zealot x3  
  169  13:24  Zealot  
  168  13:31  Zealot x4  
  168  13:36  Probe x2  
  170  13:44  Probe  
  170  13:45  Probe x2  
  170  13:46  Gateway  
  170  13:48  Stalker x4  
  181  13:49  Gateway  
  181  13:53  Stalker x3  
  181  13:54  Stalker  
  165  14:11  Disruptor x2  
  165  14:12  Zealot x2  
  165  14:13  Zealot x4  
  167  14:23  Stalker x4  
  169  14:26  Gravitic Drive  
  167  14:33  High Templar x3  
  167  14:34  High Templar x3  
  167  14:37  Protoss Shields Level 2  
  169  14:47  Observer x2  
  167  14:54  Dark Shrine  
  167  14:55  Zealot x2, High Templar x2  
  175  15:11  Zealot x6  
  175  15:13  Nexus  
  187  15:16  Pylon  
  187  15:18  Zealot x2  
  191  15:26  Disruptor x2  
  169  15:38  Stalker x7  
  169  15:39  Zealot x2  
  169  15:41  Archon  
  193  15:46  Gravitic Boosters  
  193  15:49  Unknown  
  193  15:54  High Templar  
  185  16:04  High Templar  
  185  16:05  High Templar  
  189  16:11  Shadow Stride  
  189  16:12  Dark Templar x4  
  189  16:16  Zealot  
  199  16:19  Photon Cannon  
  199  16:21  Photon Cannon  
  199  16:25  Photon Cannon  
  189  16:39  Stalker x4  
  185  16:40  Stalker x2  
  189  16:47  Zealot x4  
  191  16:58  Disruptor x2  
  191  16:59  Zealot x2  
  176  17:12  Dark Templar x2  
  176  17:13  Zealot x4  
  176  17:14  Zealot x4  
  196  17:18  Extended Thermal Lance  
  196  17:25  Gateway  
  196  17:26  Disruptor x2  
  196  17:29  Gateway  
  194  17:32  Nexus  
  194  17:34  Pylon  
  194  17:36  Stargate  
  200  17:49  Pylon  
  198  17:56  Stargate  
  182  18:11  Stalker x9  
  194  18:12  Disruptor  
  194  18:13  Disruptor  
  196  18:23  Dark Templar x2  
  181  18:44  Stalker x9  
  195  18:51  Nexus  
  181  19:05  Observer x2  
  181  19:10  Dark Templar x2  
  181  19:11  Zealot x7  
  195  19:30  Observer  
  188  19:43  Disruptor  
  179  19:47  Zealot x10  
  179  19:51  Disruptor  
  159  20:07  Stalker x2  
  159  20:08  Stalker x6  
  159  20:10  Disruptor  
  160  20:23  Disruptor  
  161  20:32  Stalker x7  
  173  20:42  Stalker x2  
  163  20:53  Assimilator  
  163  20:56  Assimilator  
  159  21:00  Assimilator  
  159  21:02  Assimilator  
  159  21:03  Disruptor  
  149  21:07  Nexus  
  149  21:09  Stalker x3  
  149  21:10  Stalker  
  147  21:18  Stalker x2  
  147  21:20  Zealot x4  
  156  21:36  Disruptor  
  136  21:50  Zealot x10  
  137  22:00  Dark Templar x2  
  133  22:11  Stalker x3  
  133  22:20  Dark Templar  
  125  22:23  Stalker  
  123  22:31  Dark Templar  
  71  23:06  Stalker x6  
Tags
 
Add a new tag
Caveats
  • Supply blocks, unpowered buildings, or Contaminate may cause inaccurate times.
  • Supply counts are checked every 10 seconds.